 Dungeon Crawl Stone Soup version 0.27.1-35-g4d5d836560 (webtiles) character file.

Game seed: 2485958249113510029

67 Qrupt the Ogre Mage (level 4, -2/44 HPs)
             Began as an Ogre Hedge Wizard on July 17, 2022.
             Slain by Natasha (4 damage)
             ... on level 2 of the Dungeon.
             The game lasted 00:05:11 (2411 turns).

Qrupt the Ogre Mage (Ogre Hedge Wizard)             Turns: 2411, Time: 00:05:12

Health: -2/44      AC:  4    Str: 14    XL:     4   Next: 18%
Magic:  3/10       EV:  9    Int: 16    God:
Gold:   63         SH:  0    Dex:  8    Spells: 8/11 levels left

rFire    . . .     SeeInvis .   h - +0 club (freeze)
rCold    . . .     Faith    .   (no shield)
rNeg     . . .     Spirit   .   b - +0 robe
rPois    .         Reflect  .   c - +1 hat
rElec    .         Harm     .   (no cloak)
rCorr    .         Rampage  .   (gloves unavailable)
Will     .....                  (boots unavailable)
Stlth    +.........             (no amulet)
HPRegen  0.14/turn              (no ring)
MPRegen  0.12/turn              (no ring)

@: brilliant
A: large, unfitting armour, tough skin 1
a: no special abilities


You were on level 2 of the Dungeon.
You visited 1 branch of the dungeon, and saw 2 of its levels.

You collected 63 gold pieces.

Inventory:

Hand Weapons
 h - a +0 club of freezing (weapon)
Armour
 b - a +0 robe (worn)
 c - a +1 hat (worn)
Scrolls
 e - 2 scrolls of identify
Potions
 a - a potion of cancellation


   Skills:
 + Level 2.3 Fighting
 - Level 1.7 Dodging
 - Level 1.4 Stealth
 + Level 4.3 Spellcasting
 + Level 1.8 Conjurations
 - Level 0.8 Summonings
 - Level 1.4 Translocations


You had 8 spell levels left.
You knew the following spells:

 Your Spells              Type           Power      Damage    Failure   Level
a - Magic Dart            Conj           56%        1d5       8%          1
b - Blink                 Tloc           N/A        N/A       14%         2

Your spell library contained the following spells:

 Spells                   Type           Power      Damage    Failure   Level
 Shock                    Conj/Air       36%        1d5       11%         1
 Pain                     Necr           20%        1d5       16%         1
 Call Imp                 Summ           9%         N/A       17%         2
 Slow                     Hex            5%         N/A       24%         2
 Conjure Flame            Conj/Fire      9%         6-21      32%         3
 Mephitic Cloud           Conj/Pois/Air  8%         N/A       36%         3
 Swiftness                Air            5%         N/A       43%         3
 Airstrike                Air            2%         N/A       85%         4
 Agony                    Necr           5%         N/A       99%         5
 Excruciating Wounds      Necr           2%         N/A       99%         5


Dungeon Overview and Level Annotations

Branches:
Dungeon (2/15)

Altars:

Annotations:
D:2 Natasha


Innate Abilities, Weirdness & Mutations

You are too large for most types of armour.
You have tough skin. (AC +1)


Message History

The worm is lightly wounded.
You hit the worm but do no damage.
The worm is lightly wounded.
The worm bites you.
You hit the worm.
The worm is lightly wounded.
The worm bites you!
You hit the worm.
The worm is moderately wounded.
The worm barely misses you.
Natasha, Servant of Life and Death comes into view.
Natasha hisses angrily.
Natasha drinks a potion.
Natasha suddenly seems more resistant.
As you read the scroll labelled MUPLYA XIRISH, it crumbles to dust.
It is a scroll of amnesia.
Really abort (and waste the scroll)?
Okay, then.
As you read the scroll labelled IPRUVEU JOLOWK, it crumbles to dust.
It is a scroll of identify.
a - a potion of cancellation
As you read the scroll labelled CIHEUH URHIXZE, it crumbles to dust.
It is a scroll of enchant armour.
Your +0 hat glows green for a moment.
Natasha barely misses you.
As you read the scroll labelled JECAANK ERAGYU, it crumbles to dust.
It is a scroll of brand weapon.
Your +0 club is covered with a thin layer of ice!
h - a +0 club of freezing (weapon)
Natasha growls.
Natasha barely misses you. The worm bites you.
* * * LOW HITPOINT WARNING * * *
It was a potion of brilliance.
You feel clever all of a sudden. Natasha claws you.
* * * LOW HITPOINT WARNING * * *
Okay, then.
Okay, then.
You barely miss Natasha. Natasha barely misses you. The worm bites you.
* * * LOW HITPOINT WARNING * * *
Natasha claws you.
You die...

#.....[...:.# #.
#...........# #.
#.########### #.
#.# #.....# ## #.#
#.###.# #.# #w#
#.# #.# #.# #.#
#h# #.# #.....#
#@#####.# ........
#.w.....#.#.....##
#########.#.#####
# #.# #.# #..


You could see a worm and Natasha (resistant).

Vanquished Creatures
  Natasha (D:2)
  A dart slug (D:1)
  6 bats
  2 endoplasms
  2 giant cockroaches (D:2)
  4 goblins (D:1)
  4 hobgoblins
  3 kobolds
  3 quokkas (D:1)
  4 ball pythons (D:1)
  5 frilled lizards
  2 rats
37 creatures vanquished.

Notes
Turn   | Place    | Note
-------+----------+-------------------------------------------
     0 | D:1      | Qrupt the Ogre Hedge Wizard began the quest for the Orb.
     0 | D:1      | Reached XP level 1. HP: 16/16 MP: 5/5
   406 | D:1      | Reached skill level 1 in Conjurations
   406 | D:1      | Reached skill level 1 in Translocations
   507 | D:1      | Reached XP level 2. HP: 25/26 MP: 6/6
   737 | D:1      | Reached skill level 1 in Fighting
   737 | D:1      | Reached skill level 4 in Spellcasting
  1067 | D:1      | Reached XP level 3. HP: 32/33 MP: 1/8
  1439 | D:2      | Learned a level 2 spell: Blink
  1817 | D:2      | Noticed Natasha
  1825 | D:2      | Killed Natasha
  1826 | D:2      | Reached XP level 4. HP: 12/42 MP: 2/10
  2404 | D:2      | Noticed Natasha
  2411 | D:2      | HP: 2/44 [worm (5)]
  2411 | D:2      | Slain by Natasha

Illustrated notes

Levels and vault maps discovered:
D:1:      matt_arrival_grand_opening, layout_basic
D:2:      layout_basic, uniq_natasha

Skill      XL: |  1  2  3 |
---------------+----------+-----
Conjurations   | 1 |  1.8
Translocations | 1 |  1.4
Fighting       | 1 2 |  2.3
Spellcasting   | 4 |  4.3
Dodging        | |  1.7
Stealth        | |  1.4
Summonings     | |  0.8

Action                   |  1- 3 |  4- 6 || total
-------------------------+-------+-------++-------
Melee: Dagger            |    49 |       ||    49
       Club              |     7 |    16 ||    23
 Cast: Magic Dart        |    73 |    13 ||    86
  Use: Scroll            |       |     4 ||     4
       Potion            |       |     1 ||     1
 Stab: Sleeping          |     2 |       ||     2
Armor: Robe              |    35 |     1 ||    36
Dodge: Dodged            |    51 |    10 ||    61
